 Dungeon Crawl Stone Soup version 0.31-a0-840-g6d2ecbb638 (webtiles) character file.

Game seed: 11553174798163637861

107 BinkBink the Trooper (level 4, 0/41 HPs)
             Began as a Hill Orc Cinder Acolyte on Sept 27, 2023.
             Was a High Priest of Ignis.
             Slain by Natasha (7 damage)
             ... on level 3 of the Dungeon.
             The game lasted 00:03:06 (1794 turns).

BinkBink the Trooper (Hill Orc Cinder Acolyte)      Turns: 1794, Time: 00:03:06

Health: 0/41       AC:  2    Str: 18    XL:     4   Next: 85%
Magic:  2/6        EV: 11    Int: 14    God:    Ignis [*****.]
Gold:   128        SH:  0    Dex:  6    Spells: 5/6 levels left

rFire   + + .        k - staff of fire
rCold   . . .        (no shield)
rNeg    . . .        b - +0 robe
rPois   .            (no helmet)
rElec   .            (no cloak)
rCorr   .            (no gloves)
SInv    .            (no boots)
Will    .....        (no amulet)
Stlth   +            (no ring)
HPRegen 0.26/turn    (no ring)
MPRegen 0.10/turn

%: no passive effects
@: slowed, very slow
A: no striking features
a: Renounce Religion, Fiery Armour, Foxfire Swarm, Rising Flame


You were on level 3 of the Dungeon.
You worshipped Ignis.
Ignis was extremely pleased with you.
You visited 1 branch of the dungeon, and saw 3 of its levels.

You collected 128 gold pieces.

Inventory:

Hand Weapons
 a - a -1 spear of flaming
Armour
 b - a +0 robe (worn)
Magical Staves
 k - a staff of fire (weapon)
Jewellery
 j - the ring of Shadows {Umbra +Inv Stlth+}
   (You found it on level 2 of the Dungeon)

   [ring of stealth]

   Umbra:     It surrounds you with an aura of shadow, increasing your stealth
   and reducing the accuracy of all others within it.
   +Inv:      It lets you turn invisible.
   Stlth+:    It makes you more stealthy.
Scrolls
 c - a scroll of identify {unknown}
 e - 2 scrolls of immolation {unknown}
 h - 2 scrolls of enchant weapon {unknown}
Potions
 d - a potion of might {unknown}
 f - a potion of attraction {unknown}
 g - a potion of curing {unknown}
 i - a potion of enlightenment {unknown}


   Skills:
 + Level 4.5 Fighting
 + Level 4.1 Polearms
 + Level 1.8 Spellcasting
 + Level 4.1 Fire Magic


You had 5 spell levels left.
You knew the following spells:

 Your Spells              Type           Power      Damage    Failure   Level
a - Foxfire               Conj/Fire      40%        2x1d6     11%         1

Your spell library contained the following spells:

 Spells                   Type           Power      Damage    Failure   Level
 Scorch                   Fire           38%        2d6       7%          2
 Plasma Beam              Fire/Air       5%         2x1d15    100%        6
 Starburst                Conj/Fire      5%         6d4       100%        6


Dungeon Overview and Level Annotations

Branches:
Dungeon (3/15)

Altars:

Annotations:
D:3 Natasha


Message History

Natasha claws you!
The cerulean imp hits you from afar with a +0 spear.
You hit Natasha.
Natasha is heavily wounded.
Natasha wildly gestures.
Natasha shimmers violently.
Natasha completely misses you.
The cerulean imp hits you but does no damage.
The cerulean imp barely misses you.
You barely miss Natasha.
Natasha is heavily wounded.
Natasha claws you. The cerulean imp closely misses you.
The cerulean imp hits you but does no damage.
You completely miss Natasha.
Natasha is heavily wounded.
Natasha claws you. The cerulean imp misses you.
The cerulean imp hits you from afar with a +0 spear.
You hit Natasha.
Natasha is severely wounded.
Natasha stares at you and mumbles some strange words.
You feel yourself slow down. The cerulean imp closely misses you.
The cerulean imp hits you from afar with a +0 spear.
* * * LOW HITPOINT WARNING * * *
You hit Natasha but do no damage.
Natasha is severely wounded.
The cerulean imp disappears in a puff of smoke!
Natasha closely misses you. The cerulean imp barely misses you.
Natasha casts a spell.
The cerulean imp hits you from afar with a +0 spear.
* * * LOW HITPOINT WARNING * * *
You hit Natasha but do no damage.
Natasha is severely wounded.
Natasha howls an incantation.
You feel troubled. Natasha closely misses you.
The cerulean imp hits you from afar with a +0 spear.
* * * LOW HITPOINT WARNING * * *
The cerulean imp barely misses you. Natasha claws you!
You die...
Natasha curls up and begins to purr.

..### #.#.......
..... ......>..
...).. .........
....5h###........
...........#..#
......##55###
#########h.#
#######@..#####
........#.....#
...............#
.............(..
................
................
................
......†<........
...............


You could see Natasha and 2 cerulean imps.

Vanquished Creatures
  Natasha (D:3)
  4 adders
  A worm (D:2)
  6 ball pythons (D:1)
  3 endoplasms
  A giant cockroach (D:1)
  4 goblins
  3 hobgoblins (D:1)
  2 jackals (D:2)
  6 kobolds
  A quokka (D:1)
  A bat (D:2)
  8 frilled lizards
  A rat (D:1)
42 creatures vanquished.

Vanquished Creatures (others)
  17 foxfires
17 creatures vanquished.

Grand Total: 59 creatures vanquished

Notes
Turn   | Place    | Note
-------+----------+-------------------------------------------
     0 | D:1      | BinkBink the Hill Orc Cinder Acolyte began the quest for
                  | the Orb.
     0 | D:1      | Reached XP level 1. HP: 19/19 MP: 2/2
   247 | D:1      | Reached XP level 2. HP: 27/27 MP: 3/3
   807 | D:1      | Reached XP level 3. HP: 24/33 MP: 4/4
   919 | D:2      | Learned a level 1 spell: Foxfire
   934 | D:2      | Found the ring of Shadows {Umbra +Inv Stlth+}
  1484 | D:2      | Reached XP level 4. HP: 40/40 MP: 6/6
  1545 | D:2      | Identified the +0 robe of Nang {-Tele rPois Str+3 Int+2}
  1687 | D:3      | Noticed Natasha
  1701 | D:3      | Killed Natasha
  1777 | D:3      | Noticed Natasha
  1794 | D:3      | Slain by Natasha

Illustrated notes

Levels and vault maps discovered:
D:1:      onia_arrival_mini_spirals, layout_loops_corners
D:2:      layout_basic, kennysheep_flooded_box, minmay_pentomino_v2
D:3:      layout_rooms, lemuel_crystal_altar, pf_guarded_unrand_meek, uniq_ijyb,
          uniq_natasha

Skill      XL: |  1  2  3  4 |
---------------+-------------+-----
Fighting       | 4 |  4.5
Polearms       | 4 |  4.1
Fire Magic     | 4 |  4.1
Spellcasting   | |  1.8

Action                     |  1- 3 |  4- 6 || total
---------------------------+-------+-------++-------
  Melee: Spear             |   128 |    19 ||   147
         Punch             |     2 |       ||     2
         Staff             |       |    19 ||    19
   Cast: Foxfire           |     3 |     8 ||    11
 Armour: Robe              |    50 |    22 ||    72
  Dodge: Dodged            |    45 |    26 ||    71

Table legend: (Time is in decaauts)
 A = Elapsed time spent in this place.
 B = Non-inter-level travel time spent in this place.
 C = Inter-level travel time spent in this place.
 D = Time resting spent in this place.
 E = Time spent auto-exploring this place.
 F = Levels seen in this place.
 G = Mean time per level.
                   A        B        C        D        E       F      G
               +--------+--------+--------+--------+--------+-----+--------+
         Total |   1789 |   1755 |     34 |      0 |   1462 |   3 |  596.3 |
       Dungeon |   1789 |   1755 |     34 |      0 |   1462 |   3 |  596.3 |
               +--------+--------+--------+--------+--------+-----+--------+

Top non-repeatable levels by time:
     D:1: 909 daAuts
     D:2: 764 daAuts
     D:3: 115 daAuts
